 Dungeon Crawl Stone Soup version 0.28-a0-1114-g8eb0198dcf (webtiles) character file.

Game seed: 2416393464301172293

2142 vfkn the Covert (level 9, -1/39 HPs)
             Began as a Spriggan Enchanter on Dec 11, 2021.
             Was a Believer of Dithmenos.
             Slain by Harold (2 damage)
             ... on level 7 of the Dungeon.
             The game lasted 00:16:33 (7930 turns).

vfkn the Covert (Spriggan Enchanter)                Turns: 7930, Time: 00:16:34

Health: -1/39      AC:  4    Str:  8    XL:     9   Next: 9%
Magic:  14/23      EV: 18    Int: 17    God:    Dithmenos [**....]
Gold:   314        SH:  0    Dex: 21    Spells: 18/26 levels left

rFire   . . .      SeeInvis +   k - +1 dagger (freeze)
rCold   . . .      Faith    .   (shield restricted)
rNeg    . . .      Spirit   .   b - +0 robe
rPois   .          Reflect  .   o - +1 hat
rElec   .          Harm     .   d - +0 cloak
rCorr   +          Rampage  .   (gloves unavailable)
Will    +....                   (boots unavailable)
Stlth   ++++++....              (no amulet)
HPRegen 0.13/turn               e - +6 ring of dexterity
MPRegen 0.18/turn               p - ring of resist corrosion

@: wreathed by umbra, very quick
A: very small, no large weapons, unfitting armour, see invisible, speed 3
a: Renounce Religion, Shadow Step


You were on level 7 of the Dungeon.
You worshipped Dithmenos.
Dithmenos was pleased with you.
You visited 2 branches of the dungeon, and saw 8 of its levels.
You also visited: Sewer.

You collected 314 gold pieces.

Inventory:

Hand Weapons
 a - a +1 dagger
 i - a +0 rapier
 k - a +1 dagger of freezing (weapon)
Missiles
 h - 16 poisoned darts (quivered)
Armour
 b - a +0 robe (worn)
 d - a +0 cloak (worn)
 o - a +1 hat (worn)
Jewellery
 e - a +6 ring of dexterity (left hand)
 p - a ring of resist corrosion (right hand)
Wands
 m - a wand of iceblast (8)
 q - a wand of polymorph (8)
Scrolls
 j - 3 scrolls of identify
Potions
 c - a potion of invisibility
 f - 5 potions of curing
 g - 2 potions of attraction
 l - a potion of ambrosia
 n - 2 potions of flight


   Skills:
 - Level 1.1 Short Blades
 - Level 2.6 Dodging
 + Level 10.7 Stealth
 + Level 9.1 Spellcasting
 + Level 9.4 Hexes


You had 18 spell levels left.
You knew the following spells:

 Your Spells              Type           Power      Damage    Failure   Level
a - Ensorcelled Hibernat  Hex/Ice        46%        N/A       1%          2
b - Tukima's Dance        Hex            39%        N/A       1%          3
c - Dazzling Flash        Conj/Hex       46%        N/A       4%          3

Your spell library contained the following spells:

 Spells                   Type           Power      Damage    Failure   Level
 Confusing Touch          Hex            39%        N/A       1%          3
 Static Discharge         Conj/Air       7%         N/A       14%         2
 Lightning Bolt           Conj/Air       3%         1d15      95%         5
 Maxwell's Capacitive Co  Air            3%         ∞         100%        8


Dungeon Overview and Level Annotations

Branches:
Dungeon (7/15)             Temple (1/1) D:6           Sewer (visited)

Altars:
Cheibriados
Dithmenos
Elyvilon
Ru
Trog
Yredelemnul
The Shining One

Shops:
D:1 *   D:2 =

Annotations:
D:7 Harold


Innate Abilities, Weirdness & Mutations

You are very small and have problems with some larger weapons.
You are too small for most types of armour.
You have supernaturally acute eyesight. (SInv)
You cover ground extremely quickly. (Speed+++)


Message History

The helpless Harold fails to defend himself.
You spit Harold like a pig!!! You freeze Harold!
Harold is severely wounded.
Harold hits you with a +0 long sword.
Casting: Ensorcelled Hibernation (safe; 1% risk of failure)
Confirm with . or Enter, or press ? or * to list all spells.
Aiming: Ensorcelled Hibernation (safe; 1% risk of failure)
Press: ? - help, Shift-Dir - straight line, f - Harold
Aim: Harold, wielding a +0 long sword, wearing a +0 scale mail and quivering 3 throwing nets (severely wounded, umbra, chance to affect: 20%) Harold resists with almost no effort.
Harold misses you.
Casting: Ensorcelled Hibernation (safe; 1% risk of failure)
Confirm with . or Enter, or press ? or * to list all spells.
Aiming: Ensorcelled Hibernation (safe; 1% risk of failure)
Press: ? - help, Shift-Dir - straight line, f/p - Harold
Aim: Harold, wielding a +0 long sword, wearing a +0 scale mail and quivering 3 throwing nets (severely wounded, umbra, chance to affect: 20%) Harold resists with almost no effort.
Harold grumbles, "Just give up already, I want to go home!"
Harold closely misses you.
Casting: Ensorcelled Hibernation (safe; 1% risk of failure)
Confirm with . or Enter, or press ? or * to list all spells.
Aiming: Ensorcelled Hibernation (safe; 1% risk of failure)
Press: ? - help, Shift-Dir - straight line, f/p - Harold
Aim: Harold, wielding a +0 long sword, wearing a +0 scale mail and quivering 3 throwing nets (severely wounded, umbra, chance to affect: 20%) Harold resists with almost no effort.
Harold hits you with a +0 long sword!
Unknown command.
Casting: Ensorcelled Hibernation (safe; 1% risk of failure)
Confirm with . or Enter, or press ? or * to list all spells.
Aiming: Ensorcelled Hibernation (safe; 1% risk of failure)
Press: ? - help, Shift-Dir - straight line, f/p - Harold
Aim: Harold, wielding a +0 long sword, wearing a +0 scale mail and quivering 3 throwing nets (severely wounded, umbra, chance to affect: 20%) Harold resists with almost no effort.
Harold hits you with a +0 long sword!!
* * * LOW HITPOINT WARNING * * *
Unknown command.
Casting: Ensorcelled Hibernation (safe; 1% risk of failure)
Confirm with . or Enter, or press ? or * to list all spells.
Aiming: Ensorcelled Hibernation (safe; 1% risk of failure)
Press: ? - help, Shift-Dir - straight line, f/p - Harold
Aim: Harold, wielding a +0 long sword, wearing a +0 scale mail and quivering 3 throwing nets (severely wounded, umbra, chance to affect: 20%) Harold resists with almost no effort.
Harold hits you with a +0 long sword.
You die...

+.. #.. #.## #..# ..
#..# ... #..###...
#.@...# #@....+ +.....#
#.....# #....># #.....#
#.##.....
##+#######+#####..#.....
..................#.....
........######....# ....


You could see Harold.

Vanquished Creatures
  Joseph (D:7)
  A troll (D:6)
  Sigmund (D:6)
  A water moccasin (D:5)
  An ice beast (D:7)
  A sky beast (D:6)
  A necrophage (D:4)
  2 centaurs
  2 bullfrogs (Sewer)
  2 scorpions
  A water moccasin zombie (D:5)
  A crimson imp (D:6)
  4 hounds
  2 jellies (D:4)
  2 bullfrog skeletons (D:6)
  Crazy Yiuf (D:2)
  2 orc priests
  An iguana (D:5)
  An orc wizard (D:4)
  7 adders
  A river rat (D:4)
  A shadow imp (D:5)
  A white imp (D:6)
  An adder skeleton (D:4)
  6 worms
  2 dart slugs
  7 orcs
  8 bats
  10 endoplasms
  9 giant cockroaches
  8 goblins
  6 hobgoblins
  4 quokkas
  8 ball pythons
  10 frilled lizards
  5 kobolds
  8 rats
130 creatures vanquished.

Vanquished Creatures (collateral kills)
  2 orcs (D:3)
2 creatures vanquished.

Grand Total: 132 creatures vanquished

Notes
Turn   | Place    | Note
-------+----------+-------------------------------------------
     0 | D:1      | vfkn the Spriggan Enchanter began the quest for the Orb.
     0 | D:1      | Reached XP level 1. HP: 9/9 MP: 5/5
    57 | D:2      | Found Yxzor's Jewellery Emporium.
   570 | D:2      | Reached XP level 2. HP: 13/13 MP: 7/7
   573 | D:2      | Learned a level 2 spell: Ensorcelled Hibernation
  1053 | D:1      | Found a faded altar of an unknown god.
  1369 | D:1      | Reached XP level 3. HP: 16/16 MP: 9/9
  1457 | D:1      | Found Askerrak's General Store.
  1749 | D:1      | Learned a level 3 spell: Tukima's Dance
  1753 | D:1      | Learned a level 3 spell: Dazzling Flash
  2811 | D:2      | Found a runed translucent door.
  2812 | D:2      | Noticed Crazy Yiuf
  2819 | D:2      | Killed Crazy Yiuf
  2820 | D:2      | Reached skill level 5 in Hexes
  2820 | D:2      | Reached XP level 4. HP: 21/21 MP: 11/11
  3059 | D:3      | Found a bloodstained altar of Trog.
  3364 | D:3      | Reached skill level 5 in Spellcasting
  3364 | D:3      | Reached XP level 5. HP: 23/24 MP: 2/13
  3694 | D:3      | You fall into a shaft and drop 3 floors!
  3694 | D:6      | Noticed a sky beast
  3694 | D:6      | Found a staircase to the Ecumenical Temple.
  3712 | D:6      | Killed a sky beast
  3713 | D:6      | Reached skill level 5 in Stealth
  3719 | Temple   | Entered the Ecumenical Temple
  3876 | Temple   | Became a worshipper of Dithmenos the Shadowed
  3972 | D:6      | Reached XP level 6. HP: 28/28 MP: 15/15
  3990 | D:5      | Entered Level 5 of the Dungeon
  4346 | D:5      | Noticed a water moccasin
  4367 | D:5      | Killed a water moccasin
  4368 | D:5      | Reached skill level 6 in Stealth
  4457 | D:4      | Reached XP level 7. HP: 31/32 MP: 6/17
  4788 | D:4      | Found a glowing drain.
  4792 | Sewer    | Entered a sewer
  5137 | Sewer    | Reached * piety under Dithmenos
  5346 | Sewer    | Reached skill level 7 in Stealth
  6295 | D:4      | Reached skill level 8 in Stealth
  6393 | D:4      | Found a snail-covered altar of Cheibriados.
  6608 | D:5      | Reached XP level 8. HP: 36/36 MP: 17/20
  6904 | D:5      | Found a glowing golden altar of the Shining One.
  7065 | D:6      | Noticed a troll
  7070 | D:6      | Noticed Sigmund
  7071 | D:6      | Killed a troll
  7072 | D:6      | Reached skill level 9 in Stealth
  7093 | D:6      | Killed Sigmund
  7113 | D:6      | Reached ** piety under Dithmenos
  7433 | D:6      | Found a basalt altar of Yredelemnul.
  7775 | D:7      | Reached skill level 10 in Stealth
  7791 | D:7      | Noticed Joseph
  7821 | D:7      | Killed Joseph
  7822 | D:7      | Reached XP level 9. HP: 39/39 MP: 17/23
  7918 | D:7      | Noticed Harold
  7929 | D:7      | HP: 1/39 [Harold (19)]
  7930 | D:7      | Slain by Harold

Illustrated notes

Levels and vault maps discovered:
D:1:      minmay_arrival_diagonal_passages, layout_basic, serial_shops,
          nicolae_shop_advertising_works [nicolae_subvault_shop_adworks],
          dreamdust_ecumenical_altar_hidden_monk_grotto
D:2:      minmay_door_path, layout_basic, serial_shops, shop,
          uniq_crazy_yiuf_cottage
D:3:      layout_loops_ring, mainiacjoe_overflow_six_doors_small
D:4:      layout_cave_pools, mainiacjoe_overflow_alcove_2,
          gup_sewer_entry_spiral
D:5:      layout_cave_pools, mainiacjoe_overflow_catwalk, patterned_corridor
D:6:      layout_cave_pools, lemuel_tele_altar, minmay_temple_entry_water_ring,
          minmay_fire_ice_demons, uniq_sigmund
D:7:      layout_gridville, minmay_quadrilaterals, uniq_joseph, uniq_harold,
          uniq_menkaure, uniq_maggie
Temple:   cyrus_temple_forest

Skill      XL: |  1  2  3  4  5  6  7  8 |
---------------+-------------------------+-----
Spellcasting   | 3 4 5 6 7 9 |  9.1
Hexes          | 4 5 6 7 9 |  9.4
Stealth        | 5 6 8 10 | 10.7
Short Blades   | |  1.1
Dodging        | |  2.6

Action                   |  1- 3 |  4- 6 |  7- 9 || total
-------------------------+-------+-------+-------++-------
Melee: Dagger            |   149 |   111 |   302 ||   562
 Cast: Ensorcelled Hiber |    19 |    22 |    45 ||    86
       Tukima's Dance    |       |     2 |       ||     2
       Dazzling Flash    |       |       |     3 ||     3
  Use: Scroll            |     3 |     5 |     7 ||    15
       Potion            |       |       |     5 ||     5
 Stab: Sleeping          |    22 |    24 |    32 ||    78
       Distracted        |       |       |     2 ||     2
       Invisible         |       |       |     2 ||     2
Armor: Robe              |     6 |    12 |    36 ||    54
Dodge: Dodged            |   128 |    91 |   256 ||   475

Table legend: (Time is in decaauts)
 A = Elapsed time spent in this place.
 B = Non-inter-level travel time spent in this place.
 C = Inter-level travel time spent in this place.
 D = Time resting spent in this place.
 E = Time spent auto-exploring this place.
 F = Levels seen in this place.
 G = Mean time per level.
                   A        B        C        D        E       F      G
               +--------+--------+--------+--------+--------+-----+--------+
         Total |   6334 |   6231 |    103 |   1252 |   3415 |   9 |  703.8 |
       Dungeon |   5259 |   5170 |     89 |    999 |   2817 |   7 |  751.3 |
        Temple |    160 |    147 |     13 |      0 |    139 |   1 |  160.0 |
         Sewer |    914 |    914 |      0 |    253 |    459 |   1 |  914.0 |
               +--------+--------+--------+--------+--------+-----+--------+

Top non-repeatable levels by time:
     D:2: 1316 daAuts
     D:1: 947 daAuts
   Sewer: 914 daAuts
     D:6: 871 daAuts
     D:3: 864 daAuts
     D:4: 686 daAuts
     D:5: 454 daAuts
  Temple: 160 daAuts
     D:7: 118 daAuts
